 Dungeon Crawl Stone Soup version 0.28-a0-823-gb444dcf96d (webtiles) character file.

Game seed: 4614202826418497040

511 Crownlay the Cleaver (level 7, 0/57 HPs)
             Began as a Hill Orc Fighter on Nov 9, 2021.
             Slain by Menkaure (3 damage)
             ... on level 4 of the Dungeon.
             The game lasted 00:03:38 (3644 turns).

Crownlay the Cleaver (Hill Orc Fighter)             Turns: 3644, Time: 00:03:38

Health: 0/57       AC: 12    Str: 21    XL:     7   Next: 19%
Magic:  7/7        EV:  9    Int:  8    God:
Gold:   110        SH:  4    Dex: 10    Spells: 6/6 levels left

rFire   . . .      SeeInvis .   a - +0 war axe
rCold   . . .      Faith    .   c - +0 buckler
rNeg    . . .      Spirit   .   b - +0 scale mail
rPois   +          Reflect  .   g - +0 helmet
rElec   .          Harm     .   (no cloak)
rCorr   .          Rampage  .   (no gloves)
Will    .....                   (no boots)
Stlth   ..........              (no amulet)
HPRegen 0.19/turn               l - +4 ring of protection
MPRegen 0.10/turn               p - ring of poison resistance

@: no status effects
A: no striking features
a: no special abilities


You were on level 4 of the Dungeon.
You visited 1 branch of the dungeon, and saw 4 of its levels.

You collected 110 gold pieces.

Inventory:

Hand Weapons
 a - a +0 war axe (weapon)
Armour
 b - a +0 scale mail (worn)
 c - a +0 buckler (worn)
 g - a +0 helmet (worn)
Jewellery
 k - an amulet of faith
 l - a +4 ring of protection (left hand)
 p - a ring of poison resistance (right hand)
Wands
 h - a wand of digging (3)
 j - a wand of paralysis (11)
Scrolls
 e - a scroll of identify {unknown}
 i - a scroll of vulnerability {unknown}
 r - a scroll of noise {unknown}
 s - a scroll of enchant armour {unknown}
Potions
 d - a potion of might
 f - a potion of brilliance {unknown}
 m - a potion of flight {unknown}
 n - 2 potions of invisibility {unknown}
 o - a potion of ambrosia {unknown}
 q - a potion of heal wounds {unknown}


   Skills:
 - Level 3.6 Fighting
 * Level 9.6 Axes
 - Level 3.2 Armour
 - Level 4.0 Shields


You had 6 spell levels left.
You didn't know any spells.
Your spell library contained the following spells:

 Spells                   Type           Power      Damage    Failure   Level
 Sting                    Tmut/Pois      0%         1d3       75%         1
 Poisonous Vapours        Pois/Air       0%         N/A       87%         2
 Olgreb's Toxic Radiance  Pois           0%         N/A       100%        4


Dungeon Overview and Level Annotations

Branches:
Dungeon (4/15)
 Temple: D:4-7

Altars:

Annotations:
D:4 Menkaure


Message History

Menkaure shouts!
Menkaure is nearby!
Okay, then.
Okay, then.
Aiming: Paralyse
Press: ? - help, Shift-Dir - straight line, f - Menkaure
Aim: Menkaure (chance to affect: 46%) Menkaure resists with some effort.
Aiming: Paralyse
Press: ? - help, Shift-Dir - straight line, f/p - Menkaure
Aim: Menkaure (chance to affect: 46%) Menkaure resists with some effort.
You closely miss Menkaure.
Menkaure casts a spell.
Menkaure seems to speed up.
You hit Menkaure.
Menkaure is lightly damaged.
Menkaure hits you but does no damage.
Menkaure points at you and mumbles some strange words.
Pain shoots through your body!
You barely miss Menkaure.
Menkaure is lightly damaged.
Menkaure points at you and mumbles some strange words.
Pain shoots through your body!
You barely miss Menkaure.
Menkaure is lightly damaged.
Menkaure points at you and mumbles some strange words.
Pain shoots through your body!
You barely miss Menkaure.
Menkaure is lightly damaged.
Menkaure calls on the powers of darkness!
Your body is wracked with pain!
* * * LOW HITPOINT WARNING * * *
You slice Menkaure!!
Menkaure is almost destroyed.
Menkaure hits you!
* * * LOW HITPOINT WARNING * * *
Menkaure murmurs, "Let me perform the rites..."
Menkaure hits you.
You die...

#.. .. #... ###.
#...###... #........
.......>. ........##
.........###
#.....M@...### ##.
##.#####.....#####...
###.....#.....
###......... .#
##......# #..#
##†......# # #..#
##........# .# #..###
##...##...... ..###
###....####...##
#.....


You could see Menkaure (fast).

Vanquished Creatures
  Sigmund (D:4)
  Edmund (D:3)
  A hound (D:4)
  Jessica (D:2)
  2 hound skeletons (D:4)
  Robin (D:2)
  7 adders
  2 adder skeletons (D:4)
  A worm (D:2)
  A dart slug (D:3)
  5 ball pythons
  6 bats
  5 endoplasms
  6 giant cockroaches
  3 hobgoblins
  7 jackals (D:1)
  6 kobolds
  A quokka (D:2)
  5 frilled lizards
  19 goblins
  7 rats
88 creatures vanquished.

Notes
Turn   | Place    | Note
-------+----------+-------------------------------------------
     0 | D:1      | Crownlay the Hill Orc Fighter began the quest for the Orb.
     0 | D:1      | Reached XP level 1. HP: 19/19 MP: 1/1
    86 | D:1      | Reached skill level 3 in Axes
   224 | D:1      | Reached XP level 2. HP: 23/26 MP: 2/2
   534 | D:1      | Reached skill level 4 in Axes
   670 | D:1      | Reached XP level 3. HP: 31/31 MP: 3/3
  1026 | D:2      | Noticed Robin
  1033 | D:2      | Killed Robin
  1039 | D:2      | Reached XP level 4. HP: 15/37 MP: 4/4
  1269 | D:2      | Reached skill level 5 in Axes
  1388 | D:2      | Noticed Jessica
  1404 | D:2      | Killed Jessica
  1652 | D:2      | Reached skill level 6 in Axes
  1796 | D:2      | Reached XP level 5. HP: 42/45 MP: 5/5
  1853 | D:2      | You fall into a shaft and drop 2 floors!
  2245 | D:2      | Reached skill level 7 in Axes
  3021 | D:4      | Noticed Edmund
  3023 | D:4      | Noticed Sigmund
  3036 | D:3      | Killed Edmund
  3037 | D:3      | Reached skill level 8 in Axes
  3037 | D:3      | Reached XP level 6. HP: 7/51 MP: 6/6
  3305 | D:4      | Killed Sigmund
  3306 | D:4      | Reached skill level 9 in Axes
  3306 | D:4      | Reached XP level 7. HP: 27/57 MP: 7/7
  3634 | D:4      | Noticed Menkaure
  3644 | D:4      | Slain by Menkaure

Illustrated notes

Levels and vault maps discovered:
D:1:      dpeg_arrival_ternary, layout_loops_ring
D:2:      wander_river, layout_basic, uniq_jessica, uniq_robin
D:3:      layout_basic
D:4:      layout_layer_cave, minmay_diced_spiral, uniq_sigmund, uniq_edmund,
          uniq_menkaure

Skill      XL: |  1  2  3  4  5  6 |
---------------+-------------------+-----
Axes           | 3 4 6 8 9 |  9.6
Shields        | 4 |  4.0
Fighting       | |  3.6
Armour         | |  3.2

Action                   |  1- 3 |  4- 6 |  7- 9 || total
-------------------------+-------+-------+-------++-------
Melee: War axe           |   115 |   131 |    19 ||   265
Evoke: Wand              |       |       |     2 ||     2
Armor: Scale mail        |    68 |    51 |     6 ||   125
Dodge: Dodged            |    53 |    49 |     9 ||   111
Block: Buckler           |    30 |    22 |       ||    52

Table legend: (Time is in decaauts)
 A = Elapsed time spent in this place.
 B = Non-inter-level travel time spent in this place.
 C = Inter-level travel time spent in this place.
 D = Time resting spent in this place.
 E = Time spent auto-exploring this place.
 F = Levels seen in this place.
 G = Mean time per level.
                   A        B        C        D        E       F      G
               +--------+--------+--------+--------+--------+-----+--------+
         Total |   3728 |   3702 |     26 |      0 |   3030 |   4 |  932.0 |
       Dungeon |   3728 |   3702 |     26 |      0 |   3030 |   4 |  932.0 |
               +--------+--------+--------+--------+--------+-----+--------+

Top non-repeatable levels by time:
     D:2: 1197 daAuts
     D:3: 1057 daAuts
     D:1: 1030 daAuts
     D:4: 442 daAuts
